 Dungeon Crawl Stone Soup version 0.27-a0-1497-gf8f22f7954 (webtiles) character file.

Game seed: 870742059304243341

4974 27snakeeyes612 the Cleaver (level 10, -21/136 HPs)
             Began as a Minotaur Berserker on July 7, 2021.
             Was an Elder of Trog.
             Demolished by an orc knight (42 damage)
             ... in a bailey.
             The game lasted 00:06:55 (8386 turns).

27snakeeyes612 the Cleaver (Minotaur Berserker)     Turns: 8386, Time: 00:06:55

Health: -21/136    AC: 11    Str: 35    XL:     10   Next: 28%
Magic:  9/9        EV: 14    Int:  4    God:    Trog [****..]
Gold:   519        SH: 11    Dex:  9    Spells: 9/9 levels left

rFire    . . .     SeeInvis .   K - +4 hand axe
rCold    . . .     Faith    .   F - +0 kite shield of Xourhotu {rCorr Str+3}
rNeg     . . .     Spirit   .   o - +0 ring mail
rPois    .         Reflect  .   c - +1 hat
rElec    .         Harm     .   q - +2 cloak
rCorr    +         Rampage  .   (no gloves)
Will     ++...                  (no boots)
Stlth    ..........             A - amulet of the acrobat
HPRegen  1.32/turn              H - +6 ring of strength
MPRegen  0.11/turn              m - +4 ring of evasion

@: berserking, strong-willed, regenerating, very quick
A: horns 2, retaliatory headbutt
a: Renounce Religion, Berserk, Trog's Hand, Brothers in Arms


You were in a bailey.
You worshipped Trog.
Trog was greatly pleased with you.
You visited 1 branch of the dungeon, and saw 8 of its levels.
You also visited: Ossuary and Bailey.

You collected 519 gold pieces.

Inventory:

Hand Weapons
 a - a +0 hand axe
 G - a +0 war axe
 K - a +4 hand axe (weapon)
Missiles
 z - a throwing net (quivered)
Armour
 b - a +0 animal skin
 c - a +1 hat (worn)
 o - a +0 ring mail (worn)
 q - a +2 cloak (worn)
 F - the +0 kite shield of Xourhotu (worn) {rCorr Str+3}
   (You found it on level 6 of the Dungeon)

   Str:       It affects your strength (+3).
   rCorr:     It protects you from acid and corrosion.
Jewellery
 j - a ring of protection from fire
 m - a +4 ring of evasion (right hand)
 A - an amulet of the acrobat (around neck)
 D - a ring of protection from fire
 H - a +6 ring of strength (left hand)
 I - a ring of flight
Wands
 s - a wand of flame (17)
Scrolls
 e - 2 scrolls of blinking
 g - 2 scrolls of magic mapping {unknown}
 h - 3 scrolls of teleportation {unknown}
 i - a scroll of noise {unknown}
 k - 2 scrolls of immolation
 l - 2 scrolls of amnesia
 v - 2 scrolls of torment {unknown}
 w - a scroll of enchant armour {unknown}
 y - a scroll of vulnerability {unknown}
 B - a scroll of enchant weapon {unknown}
 C - 2 scrolls of silence {unknown}
 J - a scroll of holy word
Potions
 d - 3 potions of attraction
 f - 4 potions of berserk rage
 n - 4 potions of curing
 p - 2 potions of ambrosia
 r - a potion of degeneration
 t - 7 potions of resistance
 u - 4 potions of flight
 x - 3 potions of lignification
 E - 3 potions of might
 L - a potion of invisibility
 N - 3 potions of heal wounds


   Skills:
 + Level 9.0 Fighting
 + Level 12.1 Axes
 + Level 7.9 Armour
 + Level 6.2 Dodging
 + Level 1.8 Stealth
 + Level 4.1 Shields


You had 9 spell levels left.
You didn't know any spells.
Your spell library was empty.

Dungeon Overview and Level Annotations

Branches:
Dungeon (8/15)             Temple (0/1) D:4         Ossuary (visited)
 Bailey (1/1)
   Lair: D:8-11

Altars:
Elyvilon
Kikubaaqudgha
Makhleb
Sif Muna
Yredelemnul

Shops:
D:7 [

Annotations:
D:4 1 runed translucent door, jovan2203's ghost, amateur DsFi


Innate Abilities, Weirdness & Mutations

You have a pair of horns on your head.
You reflexively headbutt those who attack you in melee.


Message History

Items here: )) ††.
You feel a strong urge to attack something.
Your ogre hits the orc warrior with a +0 giant club!!
The orc knight hits you with a +0 halberd!!!
You block the orc warrior's attack.
You slash the orc knight! Your headbutt misses the orc knight.
The orc knight is lightly wounded.
You hit the orc knight. You slash the orc knight!
Your ogre closely misses the orc warrior.
The orc hits you from afar with a +0 halberd!
The orc hits you but does no damage. You block the orc knight's attack.
The orc knight closely misses you.
The orc knight hits you with a +0 glaive.
You hit the orc knight.
The orc knight is lightly wounded.
Your ring mail prevents you from hitting the orc knight.
You slash the orc knight! The orc warrior misses you.
Your ogre hits the orc warrior with a +0 giant club!
The orc warrior dies!
Trog accepts your kill. You block the orc's attack. The orc closely misses you.
Your Fighting skill increases to level 9!
You hit the orc knight but do no damage.
Your headbutt misses the orc knight.
The orc knight is lightly wounded.
You closely miss the orc knight. x2
The orc knight hits you with a +0 glaive!
The orc knight hits you with a +0 glaive!!
* * * LOW HITPOINT WARNING * * *
You block the orc knight's attack.
You slash the orc knight! Your headbutt misses the orc knight.
The orc knight is moderately wounded.
You hit the orc knight but do no damage. x2
Your ogre barely misses the orc knight.
You block the orc's attack.
The orc hits you from afar with a +0 spear.
* * * LOW HITPOINT WARNING * * *
The orc knight hits you with a +0 glaive!
* * * LOW HITPOINT WARNING * * *
The orc knight hits you with a +0 halberd!!!
You die...

###### #######
.....#########.o...###..
......#.....#).)....'...
......'.....'.))@o..'...
).....'.....'.Oo)o..'...
).....'.....'.)o....'...
......#.....#.......'...
.....#########.....###..
###### ####### #


You could see 3 orc knights, 2 orcs and a friendly ogre (summoned, berserk).

Vanquished Creatures
  An ugly thing (D:6)
  A troll (D:7)
  Sigmund (D:2)
  5 yaks
  3 water moccasins
  4 orc warriors
  Purgy (D:3)
  An ice beast (D:4)
  2 black bears
  A necrophage (D:6)
  2 ogres
  A centaur (D:6)
  4 phantoms
  3 bullfrogs
  An elf zombie (Ossuary)
  A scorpion (D:4)
  5 wights
  A bullfrog zombie (D:6)
  2 bullfrog skeletons
  2 orc priests
  5 hounds
  3 human zombies (Ossuary)
  2 centaur skeletons (D:6)
  Crazy Yiuf (D:3)
  A gnoll shaman (D:5)
  Jessica (D:3)
  A scorpion zombie (D:5)
  2 iguanas
  4 orc wizards
  4 mummies (Ossuary)
  A howler monkey zombie (D:6)
  Robin (D:2)
  5 gnolls
  A howler monkey skeleton (D:7)
  8 adders
  2 shadow imps (D:6)
  A white imp (D:7)
  2 worms (D:4)
  A dart slug (D:5)
  39 orcs
  4 bats
  6 endoplasms
  A giant cockroach (D:4)
  8 hobgoblins
  6 jackals
  2 quokkas
  2 ball pythons
  3 frilled lizards
  2 gnoll zombies (Ossuary)
  14 goblins
  A hobgoblin zombie (Ossuary)
  A jackal zombie (Ossuary)
  6 kobolds
  A kobold zombie (Ossuary)
  An orc zombie (Ossuary)
  3 rats
  2 rat zombies (Ossuary)
190 creatures vanquished.

Vanquished Creatures (collateral kills)
  4 orc warriors (Bailey)
  3 orcs (Bailey)
7 creatures vanquished.

Vanquished Creatures (others)
  5 fungi (D:3)
5 creatures vanquished.

Grand Total: 202 creatures vanquished

Notes
Turn   | Place    | Note
-------+----------+-------------------------------------------
     0 | D:1      | 27snakeeyes612 the Minotaur Berserker began the quest for
                  | the Orb.
     0 | D:1      | Reached XP level 1. HP: 19/19 MP: 0/0
    87 | D:1      | Reached skill level 4 in Axes
   100 | D:1      | Reached XP level 2. HP: 27/27 MP: 1/1
   786 | D:2      | Noticed Robin
   797 | D:2      | Reached XP level 3. HP: 25/33 MP: 2/2
   797 | D:2      | Killed Robin
  1148 | D:2      | Reached ** piety under Trog
  1260 | D:2      | Reached XP level 4. HP: 36/41 MP: 3/3
  1282 | D:2      | Reached skill level 5 in Axes
  1309 | D:2      | Noticed Sigmund
  1320 | D:2      | Killed Sigmund
  1321 | D:2      | Reached skill level 6 in Axes
  1321 | D:2      | Reached XP level 5. HP: 42/47 MP: 4/4
  1596 | D:2      | Found a faded altar of an unknown god.
  2175 | D:3      | Noticed Purgy
  2183 | D:3      | Killed Purgy
  2184 | D:3      | Reached skill level 5 in Fighting
  2184 | D:3      | Reached skill level 1 in Stealth
  2184 | D:3      | Reached XP level 6. HP: 56/56 MP: 5/5
  2390 | D:3      | Noticed Jessica
  2394 | D:3      | Killed Jessica
  2489 | D:3      | Found a runed translucent door.
  2490 | D:3      | Noticed Crazy Yiuf
  2499 | D:3      | Killed Crazy Yiuf
  2692 | D:4      | Found a staircase to the Ecumenical Temple.
  2817 | D:4      | Reached skill level 7 in Axes
  2820 | D:4      | Found a sand-covered staircase.
  2827 | Ossuary  | Entered an ossuary
  2851 | Ossuary  | Reached XP level 7. HP: 29/61 MP: 6/6
  3265 | D:4      | Reached skill level 8 in Axes
  3350 | D:4      | Found a runed translucent door.
  3456 | D:4      | Noticed jovan2203's ghost (amateur DsFi)
  3685 | D:5      | Entered Level 5 of the Dungeon
  3701 | D:5      | Reached *** piety under Trog
  3702 | D:5      | Reached skill level 9 in Axes
  3702 | D:5      | Reached XP level 8. HP: 48/70 MP: 7/7
  4112 | D:5      | Found a white marble altar of Elyvilon.
  4113 | D:5      | Found a shimmering blue altar of Sif Muna.
  4114 | D:5      | Found a basalt altar of Yredelemnul.
  4276 | D:5      | Found a burning altar of Makhleb.
  4415 | D:5      | Reached skill level 5 in Armour
  5021 | D:5      | Reached skill level 10 in Axes
  5340 | D:6      | Reached skill level 5 in Dodging
  5340 | D:6      | Reached XP level 9. HP: 58/79 MP: 8/8
  6041 | D:6      | Identified the +0 kite shield of Xourhotu {rCorr Str+3}
  6373 | D:6      | Reached skill level 11 in Axes
  6984 | D:7      | Found an ancient bone altar of Kikubaaqudgha.
  7116 | D:7      | Reached skill level 1 in Shields
  7122 | D:7      | Noticed a purple ugly thing
  7127 | D:7      | Noticed a troll
  7142 | D:6      | Killed a purple ugly thing
  7608 | D:7      | Reached **** piety under Trog
  7632 | D:7      | Killed a troll
  7633 | D:7      | Reached XP level 10. HP: 90/90 MP: 9/9
  7815 | D:7      | Found Keanef's Antique Armour Shoppe.
  7875 | D:8      | Found a flagged portal.
  7961 | Bailey   | Entered a bailey
  8038 | Bailey   | Reached skill level 12 in Axes
  8357 | Bailey   | Identified a scroll of acquirement
  8360 | Bailey   | Acquired a +1 hat
  8371 | Bailey   | Noticed an orc knight
  8375 | Bailey   | Noticed an orc knight
  8376 | Bailey   | Noticed an orc knight
  8386 | Bailey   | Demolished by an orc knight

Illustrated notes

Levels and vault maps discovered:
D:1:      eino_arrival_cavern_b, layout_loops_cross
D:2:      layout_loops_ring, basic_ecumenical_altar, uniq_robin, uniq_sigmund
D:3:      layout_basic, roderic_serpentine_path, uniq_crazy_yiuf_cottage,
          uniq_purgy, uniq_jessica
D:4:      layout_rooms, minmay_temple_entry_offerings,
          ebering_ghost_inner_flame, chequers_ossuary_entry_cave,
          minmay_close_crescents
D:5:      layout_basic, grunt_temple_overflow_open, serial_curves,
          eino_curves_04, eino_curves_01, eino_curves_02, minmay_door_square
D:6:      layout_cave_pods, minmay_holes, minivault_10
D:7:      layout_basic, kiku_gazebo_pond_becter, serial_shops, shop,
          hangedman_minor_gate_pass
D:8:      layout_gridville, enter_bailey_2
Bailey:   bailey_polearm_5, bailey

Skill      XL: |  1  2  3  4  5  6  7  8  9 10 |
---------------+-------------------------------+-----
Axes           | 4 6 7 9 10 11 12 | 12.1
Fighting       | 4 5 7 8 9 |  9.0
Armour         | 3 4 5 7 |  7.9
Dodging        | 3 4 5 6 |  6.2
Stealth        | 1 |  1.8
Shields        | 3 4 |  4.1

Action                   |  1- 3 |  4- 6 |  7- 9 | 10-12 || total
-------------------------+-------+-------+-------+-------++-------
Melee: Hand axe          |    59 |    78 |   210 |    31 ||   378
       Headbutt          |     7 |    16 |    58 |    11 ||    92
       War axe           |       |       |    68 |    21 ||    89
Invok: Berserk           |     1 |     2 |     3 |     1 ||     7
       Trog's Hand       |       |     1 |     1 |     2 ||     4
       Brothers in Arms  |       |       |       |     3 ||     3
  Use: Scroll            |       |       |       |    14 ||    14
       Potion            |       |       |       |     2 ||     2
 Stab: Sleeping          |     1 |       |       |       ||     1
Armor: Animal skin       |     8 |     4 |       |       ||    12
       Ring mail         |       |    36 |    94 |    24 ||   154
Dodge: Dodged            |    41 |    64 |   167 |    77 ||   349
Block: Kite shield       |       |       |    42 |    60 ||   102

Table legend: (Time is in decaauts)
 A = Elapsed time spent in this place.
 B = Non-inter-level travel time spent in this place.
 C = Inter-level travel time spent in this place.
 D = Time resting spent in this place.
 E = Time spent auto-exploring this place.
 F = Levels seen in this place.
 G = Mean time per level.
                   A        B        C        D        E       F      G
               +--------+--------+--------+--------+--------+-----+--------+
         Total |   8423 |   8057 |    366 |   1048 |   5981 |  10 |  842.3 |
       Dungeon |   7610 |   7244 |    366 |    801 |   5630 |   8 |  951.2 |
       Ossuary |    385 |    385 |      0 |      0 |    310 |   1 |  385.0 |
        Bailey |    427 |    427 |      0 |    246 |     41 |   1 |  427.0 |
               +--------+--------+--------+--------+--------+-----+--------+

Top non-repeatable levels by time:
     D:6: 1856 daAuts
     D:5: 1469 daAuts
     D:2: 1009 daAuts
     D:3: 928 daAuts
     D:7: 853 daAuts
     D:1: 765 daAuts
     D:4: 617 daAuts
  Bailey: 427 daAuts
 Ossuary: 385 daAuts
     D:8: 110 daAuts
